 Dungeon Crawl Stone Soup version 0.24-a0-525-g9231cdc (webtiles) character file.

Game seed: 7232212474118306732

1607 EGOIC the Thaumaturge (level 8, -5/59 HPs)
             Began as a Gnoll Wizard on Aug 5, 2019.
             Was an Initiate of Gozag.
             Slain by an ice beast (12 damage)
             ... on level 7 of the Dungeon on Apr 19, 2020.
             The game lasted 00:20:56 (6952 turns).

EGOIC the Thaumaturge (Gnoll Wizard)                Turns: 6952, Time: 00:20:57

Health: -5/59      AC:  5    Str: 15    XL:     8   Next: 95%
Magic:  15/20      EV: 15    Int: 22    God:    Gozag
Gold:   522        SH:  0    Dex: 14    Spells: 15/23 levels left

rFire    . . .     SeeInvis .   r - +0 short sword (speed)
rCold    . . .     Gourm    .   (no shield)
rNeg     . . .     Faith    .   H - +0 robe {MR+}
rPois    .         Spirit   .   D - +0 helmet
rElec    .         Reflect  .   c - +0 cloak
rCorr    .         Harm     .   (no gloves)
MR       +....                  A - +0 pair of boots
Stlth    +++.......             (no amulet)
HPRegen  0.19/turn              t - +5 ring of strength
MPRegen  0.17/turn              (no ring)

@: lethally poisoned (-5 -> -9), gold aura
A: distributed training, fangs 1, strong nose
a: Potion Petition, Call Merchant, Bribe Branch, Renounce Religion


You were on level 7 of the Dungeon.
You worshipped Gozag.
Gozag was pleased with you.
You were not hungry.

You visited 2 branches of the dungeon, and saw 8 of its levels.

You collected 623 gold pieces.
You paid 101 gold pieces to Gozag.

Inventory:

Hand Weapons
 e - a +0 short sword
 r - a +0 short sword of speed (weapon)
Missiles
 f - 161 stones
 v - 9 boomerangs (quivered)
 y - 4 javelins
 z - 72 poisoned darts
Armour
 a - a +0 robe
 b - a +0 hat
 c - a +0 cloak (worn)
 A - a +0 pair of boots (worn)
 D - a +0 helmet (worn)
 H - a +0 robe of magic resistance (worn)
Jewellery
 t - a +5 ring of strength (left hand)
 w - an uncursed amulet of harm
Wands
 I - a wand of random effects (15)
 L - a wand of flame (26)
Scrolls
 h - a scroll of random uselessness {unknown}
 i - a scroll of immolation {unknown}
 j - 2 scrolls of enchant armour {unknown}
 k - 2 scrolls of amnesia {unknown}
 n - 2 scrolls of noise {unknown}
 p - 4 scrolls of teleportation
 u - 3 scrolls of magic mapping {unknown}
 x - 4 scrolls of enchant weapon {unknown}
 B - a scroll of blinking {unknown}
 C - 2 scrolls of fog {unknown}
 J - a scroll of remove curse {unknown}
Potions
 g - a potion of mutation {unknown}
 l - 2 potions of cancellation {unknown}
 m - 3 potions of flight
 o - a potion of haste {unknown}
 q - 2 potions of agility
 s - a potion of invisibility {unknown}
 E - a potion of heal wounds
 F - a potion of brilliance {unknown}
 G - a potion of magic {unknown}
 K - a potion of degeneration {unknown}
Comestibles
 d - 9 rations


   Skills:
 + Level 3.6 Fighting
 + Level 3.6 Short Blades
 + Level 3.6 Long Blades
 + Level 3.6 Axes
 + Level 3.6 Maces & Flails
 + Level 3.6 Polearms
 + Level 3.6 Staves
 + Level 3.6 Slings
 + Level 3.6 Bows
 + Level 3.6 Crossbows
 + Level 3.6 Throwing
 + Level 3.6 Armour
 + Level 5.9 Dodging
 + Level 5.6 Stealth
 + Level 3.6 Shields
 + Level 3.6 Unarmed Combat
 + Level 8.1 Spellcasting
 + Level 3.7 Conjurations
 + Level 3.0 Hexes
 + Level 3.0 Charms
 + Level 3.7 Summonings
 + Level 3.0 Necromancy
 + Level 3.7 Translocations
 + Level 3.0 Transmutations
 + Level 3.0 Fire Magic
 + Level 3.0 Ice Magic
 + Level 3.0 Air Magic
 + Level 3.0 Earth Magic
 + Level 3.0 Poison Magic
 + Level 4.0 Invocations
 + Level 3.6 Evocations


You had 15 spell levels left.
You knew the following spells:

 Your Spells              Type           Power        Failure   Level  Hunger
a - Magic Dart            Conj           ####         1%          1    None
b - Call Imp              Summ           ####....     2%          2    None
c - Blink                 Tloc           N/A          2%          2    None
d - Mephitic Cloud        Conj/Pois/Air  ###.....     6%          3    None

Your spell library contained the following spells:

 Spells                   Type           Power        Failure   Level  Hunger
 Slow                     Hex            ###.....     3%          2    None
 Conjure Flame            Conj/Fire      ###.....     5%          3    None


Dungeon Overview and Level Annotations

Branches:
Dungeon (7/15)             Temple (1/1) D:6

Altars:
Ashenzari
Cheibriados
Dithmenos
Elyvilon
Fedhas
Gozag
Hepliaklqana
Kikubaaqudgha
Makhleb
Nemelex Xobeh
Okawaru
Qazlal
Ru
Sif Muna
Trog
Uskayaw
Vehumet
Wu Jian
Xom
Yredelemnul
Zin
The Shining One


Innate Abilities, Weirdness & Mutations

Your experience applies equally to all skills.
You have very sharp teeth.
Your uncanny sense of smell can sniff out nearby items.


Message History

The adder is severely wounded.
The adder barely misses you.
You hit the adder.
You kill the adder!
You feel sick.
The black bear is no longer berserk.
You hit the ice beast but do no damage. The ice beast barely misses you.
You hit the ice beast but do no damage.
You feel sick.
You hit the ice beast but do no damage. The ice beast hits you.
The ice beast freezes you!
* * * LOW HITPOINT WARNING * * *
You barely miss the ice beast.
You bite the ice beast, but do no damage.
You feel sick.
You closely miss the ice beast.
You bite the ice beast, but do no damage.
The ice beast hits you.
* * * LOW HITPOINT WARNING * * *
The ice beast freezes you!
You die...
Your body crumbles into a pile of gold.

##### #.... ∆
#..##...# #..##...#
#..##...# #..##.$.#
.# #..##...#####$..#
#.#
#..$....hY@.....#
#.#
##>###.#######..#
#.# #.##..# #.#
#.##.##
#.#####.##.## ###
#...........##^..
#.#####§.....#.###
##...<()............
..............#.####


You could see a black bear and an ice beast.

Vanquished Creatures
  Edmund (D:4)
  An ice beast (D:6)
  An ogre (D:6)
  A sky beast (D:5)
  A big kobold (D:4)
  2 bullfrogs
  A scorpion (D:7)
  2 centaur zombies
  2 hounds
  An orc wizard (D:7)
  8 worker ants
  3 hound skeletons
  8 gnolls
  9 adders
  A shadow imp (D:6)
  2 adder skeletons
  7 worms
  2 dart slugs
  7 leopard geckos
  22 orcs
  6 bats
  7 giant cockroaches
  6 goblins
  4 hobgoblins
  13 jackals
  2 quokkas
  A ball python (D:1)
  3 frilled lizards
  A jackal skeleton (D:5)
  13 kobolds
  2 leopard gecko skeletons
  A quokka skeleton (D:4)
  8 rats
  A plant (D:4)
150 creatures vanquished.

Vanquished Creatures (collateral kills)
  An ogre (D:7)
  2 centaurs
  2 bullfrogs
  A howler monkey (D:4)
  2 worker ants (D:4)
  A gnoll (D:3)
  A worm (D:2)
  2 orcs
  A bat (D:3)
13 creatures vanquished.

Vanquished Creatures (others)
  2 plants (D:4)
2 creatures vanquished.

Grand Total: 165 creatures vanquished

Notes
Turn   | Place    | Note
-------+----------+-------------------------------------------
     0 | D:1      | EGOIC the Gnoll Wizard began the quest for the Orb.
     0 | D:1      | Reached XP level 1. HP: 13/13 MP: 8/8
   150 | D:1      | Reached XP level 2. HP: 18/19 MP: 5/10
   368 | D:1      | Learned a level 2 spell: Call Imp
   371 | D:1      | Learned a level 2 spell: Blink
   860 | D:2      | Reached XP level 3. HP: 25/25 MP: 9/11
  1159 | D:2      | Reached skill level 1 in Invocations
  1669 | D:2      | Reached skill level 1 in Fighting
  1669 | D:2      | Reached skill level 1 in Short Blades
  1669 | D:2      | Reached skill level 1 in Long Blades
  1669 | D:2      | Reached skill level 1 in Axes
  1669 | D:2      | Reached skill level 1 in Maces & Flails
  1669 | D:2      | Reached skill level 1 in Polearms
  1669 | D:2      | Reached skill level 1 in Staves
  1669 | D:2      | Reached skill level 1 in Slings
  1669 | D:2      | Reached skill level 1 in Bows
  1669 | D:2      | Reached skill level 1 in Crossbows
  1669 | D:2      | Reached skill level 1 in Throwing
  1669 | D:2      | Reached skill level 1 in Armour
  1669 | D:2      | Reached skill level 1 in Shields
  1669 | D:2      | Reached skill level 1 in Unarmed Combat
  1669 | D:2      | Reached skill level 1 in Evocations
  1951 | D:3      | Reached XP level 4. HP: 32/32 MP: 9/13
  1985 | D:3      | Learned a level 3 spell: Mephitic Cloud
  2075 | D:3      | Noticed a bullfrog
  2083 | D:3      | Killed a bullfrog
  2083 | D:3      | Reached skill level 1 in Hexes
  2083 | D:3      | Reached skill level 1 in Charms
  2083 | D:3      | Reached skill level 1 in Necromancy
  2083 | D:3      | Reached skill level 1 in Transmutations
  2083 | D:3      | Reached skill level 1 in Fire Magic
  2083 | D:3      | Reached skill level 1 in Ice Magic
  2083 | D:3      | Reached skill level 1 in Air Magic
  2083 | D:3      | Reached skill level 1 in Earth Magic
  2083 | D:3      | Reached skill level 1 in Poison Magic
  2083 | D:3      | Reached XP level 5. HP: 37/37 MP: 3/14
  2207 | D:3      | Noticed a centaur
  2229 | D:3      | Killed a centaur
  2692 | D:3      | Reached XP level 6. HP: 43/44 MP: 1/16
  3345 | D:4      | Reached skill level 5 in Dodging
  3462 | D:4      | Noticed a moth of wrath
  3464 | D:4      | Found a bloodstained altar of Trog.
  3604 | D:4      | Noticed Edmund
  3619 | D:4      | Killed Edmund
  3619 | D:4      | Reached XP level 7. HP: 50/50 MP: 4/18
  4147 | D:5      | Entered Level 5 of the Dungeon
  4210 | D:5      | Reached skill level 5 in Stealth
  4697 | D:6      | Found a staircase to the Ecumenical Temple.
  4703 | Temple   | Entered the Ecumenical Temple
  4808 | Temple   | Became a worshipper of Gozag Ym Sagoz the Greedy
  4913 | D:6      | Reached XP level 8. HP: 57/57 MP: 15/19
  5919 | D:7      | Reached skill level 8 in Spellcasting
  6952 | D:7      | Slain by an ice beast

Levels and vault maps discovered:
D:1:      elethiomel_arrival_quiet, layout_loops_ring
D:2:      kennysheep_six_static_rooms, layout_basic, first_ration
D:3:      layout_basic, minivault_4, minmay_quadrilaterals
D:4:      layout_rooms, tgw_trog, grunt_ministairs_10, lexackson_kobold_supper,
          uniq_edmund
D:5:      layout_cave_pools
D:6:      layout_loops_ring, temple_statues
D:7:      layout_loops_ring
Temple:   kilobyte_greek_temple

Skill      XL: |  1  2  3  4  5  6  7  8 |
---------------+-------------------------+-----
Conjurations   | 2 3 |  3.7
Summonings     | 2 3 |  3.7
Translocations | 2 3 |  3.7
Invocations    | 1 2 3 4 |  4.0
Fighting       | 1 2 3 |  3.6
Short Blades   | 1 2 3 |  3.6
Long Blades    | 1 2 3 |  3.6
Axes           | 1 2 3 |  3.6
Maces & Flails | 1 2 3 |  3.6
Polearms       | 1 2 3 |  3.6
Staves         | 1 2 3 |  3.6
Slings         | 1 2 3 |  3.6
Bows           | 1 2 3 |  3.6
Crossbows      | 1 2 3 |  3.6
Throwing       | 1 2 3 |  3.6
Armour         | 1 2 3 |  3.6
Shields        | 1 2 3 |  3.6
Unarmed Combat | 1 2 3 |  3.6
Evocations     | 1 2 3 |  3.6
Hexes          | 1 2 3 |  3.0
Charms         | 1 2 3 |  3.0
Necromancy     | 1 2 3 |  3.0
Transmutations | 1 2 3 |  3.0
Fire Magic     | 1 2 3 |  3.0
Ice Magic      | 1 2 3 |  3.0
Air Magic      | 1 2 3 |  3.0
Earth Magic    | 1 2 3 |  3.0
Poison Magic   | 1 2 3 |  3.0
Dodging        | 5 |  5.9
Stealth        | 5 |  5.6
Spellcasting   | 8 |  8.1

Action                   |  1- 3 |  4- 6 |  7- 9 || total
-------------------------+-------+-------+-------++-------
Melee: Short sword       |    29 |   120 |   435 ||   584
       Bite              |     2 |    18 |    69 ||    89
       Punch             |       |       |     7 ||     7
Throw: Stone             |     2 |       |     2 ||     4
       Boomerang         |       |    18 |     9 ||    27
       Dart              |       |     6 |    30 ||    36
 Cast: Magic Dart        |    62 |    79 |    75 ||   216
       Call Imp          |     2 |    11 |    12 ||    25
       Mephitic Cloud    |       |     4 |     6 ||    10
       Blink             |       |       |     3 ||     3
Evoke: Wand              |       |       |     1 ||     1
  Use: Scroll            |     3 |       |     3 ||     6
       Potion            |       |     2 |       ||     2
 Stab: Confused          |       |     3 |     3 ||     6
       Paralysed         |       |       |     2 ||     2
       Distracted        |       |       |     1 ||     1
  Eat: Chunk             |     3 |     5 |     3 ||    11
       Ration            |       |       |     3 ||     3
Armor: Robe              |     2 |    15 |    47 ||    64
Dodge: Dodged            |    19 |    65 |   205 ||   289

Table legend:
 A = Non-vault XP
 B = Vault XP
 C = Vault XP percentage of total XP
 D = Non-vault monster count
 E = Vault monster count
 F = Vault count percentage of total count
                 A         B        C        D         E       F
            +---------+---------+-------+---------+---------+-------
      Total |    2018 |     278 |  12.1 |     139 |      23 |  14.2
            +---------+---------+-------+---------+---------+-------
        D:1 |      28 |       0 |   0.0 |      15 |       0 |   0.0
        D:2 |      39 |      12 |  23.5 |      12 |       6 |  33.3
        D:3 |     269 |      33 |  10.9 |      39 |       6 |  13.3
        D:4 |     263 |     233 |  47.0 |      16 |      11 |  40.7
        D:5 |     241 |       0 |   0.0 |      16 |       0 |   0.0
        D:6 |     621 |       0 |   0.0 |      19 |       0 |   0.0
        D:7 |     557 |       0 |   0.0 |      22 |       0 |   0.0
            +---------+---------+-------+---------+---------+-------
